 Dungeon Crawl Stone Soup version 0.19-a0-854-gc78d25d (webtiles) character file.

441 Implojin the Ruffian (level 6, 0/59 HPs)
             Began as a Troll Fighter on July 1, 2016.
             Was an Initiate of Okawaru.
             Slain by an unseen horror (6 damage)
             ... on level 8 of the Dungeon.
             The game lasted 00:03:05 (695 turns).

Implojin the Ruffian (Troll Fighter)                 Turns: 695, Time: 00:03:06

Health: 0/59       AC:  8    Str: 30    XL:     6   Next: 70%
Magic:  5/5        EV:  8    Int:  4    God:    Okawaru [......]
Gold:   46         SH:  9    Dex: 11    Spells: 0 memorised, 5 levels left

rFire  . . .     SeeInvis .       - Unarmed
rCold  . . .     Gourm    +     a - +0 robe
rNeg   . . .     Faith    .     b - +0 shield
rPois  .         Spirit   .     (helmet restricted)
rElec  .         Dismiss  .     (no cloak)
rCorr  .         Reflect  .     (gloves unavailable)
SustAt .         Harm     .     (boots unavailable)
MR     .....                    (no amulet)
Stlth  +.........               (no ring)
                                e - +3 ring of protection

@: mighty, not resistant to hostile enchantments, very unstealthy
A: unfitting armour, claws 3, fast metabolism 3, gourmand, regeneration 2,
shaggy fur 1, tough skin 2
a: Renounce Religion


You were on level 8 of the Dungeon.
You worshipped Okawaru.
Okawaru was noncommittal.
You were near starving.

You visited 1 branch of the dungeon, and saw 8 of its levels.

You collected 46 gold pieces.

Inventory:

Armour
 a - a +0 robe (worn)
 b - a +0 shield (worn)
Jewellery
 e - a +3 ring of protection (left claw)
Wands
 k - a wand of polymorph (16/24)
 n - a wand of paralysis (4/24)
Scrolls
 f - 3 scrolls of fear {unknown}
 i - 2 scrolls of identify {unknown}
 l - a scroll of enchant armour {unknown}
 m - a scroll of amnesia {unknown}
Potions
 g - a potion of lignification {unknown}
 j - a potion of beneficial mutation {unknown}
Comestibles
 d - 3 bread rations
 h - a beef jerky


   Skills:
 - Level 2.4 Fighting
 - Level 2.4 Dodging
 - Level 2.4 Shields
 * Level 7.3 Unarmed Combat


You had 5 spell levels left.
You didn't know any spells.

Dungeon Overview and Level Annotations

Branches:
Dungeon (8/15)
 Temple: D:4-7         Lair: D:8-11

Altars:
Hepliaklqana
Makhleb
Okawaru
Yredelemnul


Innate Abilities, Weirdness & Mutations

You are too large for most types of armour.
You have claws for hands.
Your metabolism is lightning-fast.
You like to eat raw meat.
You heal very quickly.
You are covered in fur. (AC +1)
You have very tough skin. (AC +2)


Message History

Prince Ribbit is severely wounded.
Something hits you but does no damage. Something hits you!
* * * LOW HITPOINT WARNING * * *
Prince Ribbit hits you!
* * * LOW HITPOINT WARNING * * *
Unknown command.
Unknown command.
You claw Prince Ribbit!
You kill Prince Ribbit!
Okawaru accepts your kill.
Your Unarmed Combat skill increases to level 7!
You have reached level 6!
Your experience leads to an increase in your attributes!
Your base attributes are Str 24, Int 4, Dex 10.
Increase (S)trength, (I)ntelligence, or (D)exterity?
You feel agile.
You feel stronger. You block something's attack.
Unknown command.
Unknown command.
Something hits you!
* * * LOW HITPOINT WARNING * * *
You are near starving!
Something hits you!
* * * LOW HITPOINT WARNING * * *
Unknown command.
Unknown command.
You claw something! Something hits you.
* * * LOW HITPOINT WARNING * * *
Unknown command.
Unknown command.
Okay, then.
You swing at nothing.
Something hits you but does no damage.
Unknown command.
Unknown command.
You claw something! Something hits you but does no damage.
Unknown command.
Unknown command.
Unknown command.
You swing at nothing.
Something hits you.
You die...

#......##
#..._...#
#.......#
#.......##
#....#.$"#
#.....<#
###....#
#.#### #@#
#.# #.#
#.. ###


There were no monsters in sight!

Vanquished Creatures
  Prince Ribbit (D:8)
  An ice beast (D:5)
  A scorpion (D:7)
  A hound (D:5)
  A worker ant (D:5)
  A hound skeleton (D:5)
  An adder (D:5)
  An ooze (D:1)
  An adder zombie (D:6)
  An adder skeleton (D:5)
  A giant gecko (D:3)
  An orc (D:4)
  A ball python (D:1)
  2 giant cockroaches (D:1)
  2 goblins (D:1)
  A hobgoblin (D:1)
  3 jackals (D:3)
  4 bats (D:1)
  A giant newt (D:1)
  A jackal zombie (D:7)
  A kobold (D:1)
28 creatures vanquished.

Notes
Turn   | Place    | Note
-------+----------+-------------------------------------------
     0 | D:1      | Implojin the Troll Fighter began the quest for the Orb.
     0 | D:1      | Reached XP level 1. HP: 22/22 MP: 0/0
    76 | D:1      | Reached XP level 2. HP: 29/29 MP: 1/1
   218 | D:1      | Reached skill level 3 in Unarmed Combat
   465 | D:5      | Entered Level 5 of the Dungeon
   484 | D:5      | Reached XP level 3. HP: 33/36 MP: 2/2
   514 | D:5      | Reached skill level 4 in Unarmed Combat
   517 | D:5      | Reached XP level 4. HP: 44/44 MP: 3/3
   520 | D:5      | Noticed an ice beast
   540 | D:5      | Killed an ice beast
   540 | D:5      | Reached skill level 5 in Unarmed Combat
   540 | D:5      | Reached XP level 5. HP: 33/50 MP: 4/4
   559 | D:6      | Found a basalt altar of Yredelemnul.
   559 | D:6      | Found a burning altar of Makhleb.
   559 | D:6      | Found an iron altar of Okawaru.
   566 | D:6      | Became a worshipper of Warmaster Okawaru
   635 | D:7      | Reached skill level 6 in Unarmed Combat
   683 | D:8      | Found a hazy altar of Hepliaklqana.
   683 | D:8      | Noticed Prince Ribbit
   688 | D:8      | Killed Prince Ribbit
   688 | D:8      | Reached skill level 7 in Unarmed Combat
   688 | D:8      | Reached XP level 6. HP: 18/59 MP: 5/5
   695 | D:8      | Slain by an unseen horror

Vault maps used:
D:1:      dpeg_arrival_tiny_g
D:2:      lemuel_coloured_pillars_altar, serial_forest, infiniplex_forest_end_1,
          infiniplex_forest_clump_C, infiniplex_forest_clump_large,
          infiniplex_forest_clump_curved, infiniplex_forest_straight_4,
          lemuel_statue_altar
D:3:      elyvilon_altar_3, first_bread, nicolae_tso_swordbearing_angel
D:4:      uniq_menkaure
D:5:      lemuel_crystal_altar
D:6:      gammafunk_temple_overflow_claw
D:7:      grunt_pakellas_basics, kennysheep_mini_moat, enter_bailey_2,
          evilmike_ruin_ashenzari
D:8:      basic_altar, uniq_prince_ribbit1

Skill      XL: |  1  2  3  4  5 |
---------------+----------------+-----
Unarmed Combat | 3 4 5 7 |  7.3
Fighting       | |  2.4
Dodging        | |  2.4
Shields        | |  2.4

Action                   |  1- 3 |  4- 6 || total
-------------------------+-------+-------++-------
Melee: Unarmed           |    56 |    34 ||    90
  Use: Potion            |       |     1 ||     1
  Eat: Chunk             |     2 |       ||     2
Armor: Robe              |    42 |    13 ||    55
Dodge: Dodged            |    32 |    10 ||    42
Block: Shield            |    42 |    12 ||    54

Table legend:
 A = Turns spent in this place as a percentage of turns spent in the entire game.
 B = Non-inter-level travel turns spent in this place as a percentage of non-inter-level travel turns spent in the entire game.
 C = Inter-level travel turns spent in this place as a percentage of turns spent in this place.
 D = Turns resting spent in this place as a percentage of non-inter-level travel turns spent in this place.
 E = Turns spent auto-exploring this place as a percentage of non-inter-level travel turns spent in this place.
 F = Non-inter-level travel turns spent in this place divided by the number of levels of this place that you've seen.
                   A       B       C       D       E      F
               +-------+-------+-------+-------+-------+----------------------
         Total | 100.0 | 100.0 |   0.0 |   0.0 |   0.0 |  87.4
       Dungeon | 100.0 | 100.0 |   0.0 |   0.0 |   0.0 |  87.4
               +-------+-------+-------+-------+-------+----------------------

Table legend:
 A = Kills in this place as a percentage of kills in entire the game.
 B = Kills by you in this place as a percentage of kills by you in the entire game.
 C = Kills by friends in this place as a percentage of kills by friends in the entire game.
 D = Other kills in this place as a percentage of other kills in the entire game.
 E = Experience gained in this place as a percentage of experience gained in the entire game.
 F = Experience gained in this place divided by the number of levels of this place that you have seen.
                   A       B       C       D       E      F
               +-------+-------+-------+-------+-------+----------------------
         Total | 100.0 | 100.0 |  -nan |  -nan | 100.0 |  78.8
       Dungeon | 100.0 | 100.0 |  -nan |  -nan | 100.0 |  78.8
               +-------+-------+-------+-------+-------+----------------------
